 Dungeon Crawl Stone Soup version 0.29-a0-284-gf9362112df (webtiles) character file.

Game seed: 2368803651561840463

3 siradein the Caller (level 1, -1/14 HPs)
             Began as a Draconian Summoner on Mar 31, 2022.
             Frozen to death by an endoplasm (5 damage)
             ... on level 1 of the Dungeon.
             The game lasted 00:00:28 (115 turns).

siradein the Caller (Draconian Summoner)             Turns: 115, Time: 00:00:29

Health: -1/14      AC:  4    Str: 10    XL:     1   Next: 41%
Magic:  3/3        EV: 12    Int: 15    God:
Gold:   35         SH:  0    Dex: 11    Spells: 3/4 levels left

rFire   . . .      SeeInvis .   c - +0 dagger (venom)
rCold   . . .      Faith    .   (no shield)
rNeg    . . .      Spirit   .   (body armour unavailable)
rPois   .          Reflect  .   (helmet restricted)
rElec   .          Harm     .   (no cloak)
rCorr   .          Rampage  .   (no gloves)
Will    .....                   (no boots)
Stlth   ++........              (no amulet)
HPRegen 0.04/turn               (no ring)
MPRegen 0.08/turn               (no ring)

@: no status effects
A: AC +4, unfitting armour, cold-blooded
a: no special abilities


You were on level 1 of the Dungeon.
You visited 1 branch of the dungeon, and saw 1 of its levels.

You collected 35 gold pieces.

Inventory:

Hand Weapons
 c - a +0 dagger of venom (weapon)
Potions
 a - a potion of magic
 b - a potion of haste {unknown}


   Skills:
 + Level 0.2 Fighting
 + Level 1.8 Dodging
 - Level 1.7 Stealth
 + Level 2.0 Spellcasting
 * Level 4.0 Summonings


You had 3 spell levels left.
You knew the following spells:

 Your Spells              Type           Power      Damage    Failure   Level
a - Summon Small Mammal   Summ           52%        N/A       4%          1

Your spell library contained the following spells:

 Spells                   Type           Power      Damage    Failure   Level
 Call Imp                 Summ           13%        N/A       6%          2
 Call Canine Familiar     Summ           13%        N/A       12%         3
 Summon Guardian Golem    Hex/Summ       7%         N/A       28%         3
 Summon Lightning Spire   Summ/Air       7%         N/A       67%         4


Dungeon Overview and Level Annotations

Branches:
Dungeon (1/15)

Altars:


Innate Abilities, Weirdness & Mutations

Your plain brown scales are hard. (AC +4)
You cannot fit into any form of body armour.
You are cold-blooded and may be slowed by cold attacks.


Message History

You catch the helpless kobold completely off-guard!
You hit the kobold.
You kill the kobold!
No target in view!
No target in view!
HP restored.
Your bat disappears in a puff of smoke!
Your quokka disappears in a puff of smoke!
Magic restored.
Found 15 gold pieces.
Things that are here:
a +0 short sword; 5 stones; a kobold corpse You now have 19 gold pieces (gained 15).
You now have 24 gold pieces (gained 5).
You now have 35 gold pieces (gained 11).
An endoplasm and a dart slug come into view.
The endoplasm quivers.
There are monsters nearby!
There are monsters nearby!
There are monsters nearby!
There are monsters nearby!
The endoplasm freezes you.
You are frozen.
You feel yourself slow down.
You hit the endoplasm but do no damage. The endoplasm freezes you.
You are frozen.
The endoplasm freezes you.
You are frozen.
* * * LOW HITPOINT WARNING * * *
You are too injured to fight recklessly!
You are too injured to fight recklessly!
You are too injured to fight recklessly!
You hit the endoplasm.
The endoplasm is severely wounded.
The endoplasm misses you. The endoplasm attacks as you move away!
The endoplasm barely misses you.
You feel yourself speed up. The endoplasm freezes you.
You are frozen.
You die...

### ## #.. ..
#.##.##.#.≈≈≈≈≈.≈≈
#.Jw.##...≈≈≈≈≈.≈≈
#@#####...≈≈≈≈≈.≈≈
#.#####...≈≈≈≈≈.≈≈
#.................
#.######.......#
#.# #.......# #.#
#.......#
#.######.##)##.###
#.....##.........#
###.#.####...###.#


You could see a dart slug and an endoplasm.

Vanquished Creatures
  A kobold (D:1)
  A frilled lizard (D:1)
2 creatures vanquished.

Vanquished Creatures (collateral kills)
  A goblin (D:1)
1 creature vanquished.

Grand Total: 3 creatures vanquished

Notes
Turn   | Place    | Note
-------+----------+-------------------------------------------
     0 | D:1      | siradein the Draconian Summoner began the quest for the
                  | Orb.
     0 | D:1      | Reached XP level 1. HP: 14/14 MP: 3/3
   115 | D:1      | Frozen to death by an endoplasm

Illustrated notes

Levels and vault maps discovered:
D:1:      zelgadis_glass_arrival_small, layout_loops_cross,
          dilly_ecumenical_altar_fadedgnrine, minivault_14,
          hangedman_decor_riveting, minmay_stone_trees_medium

Action                   || total
-------------------------++-------
Melee: Dagger            ||     6
 Cast: Summon Small Mamm ||     3
 Stab: Distracted        ||     1
Dodge: Dodged            ||     3

Table legend: (Time is in decaauts)
 A = Elapsed time spent in this place.
 B = Non-inter-level travel time spent in this place.
 C = Inter-level travel time spent in this place.
 D = Time resting spent in this place.
 E = Time spent auto-exploring this place.
 F = Levels seen in this place.
 G = Mean time per level.
                   A        B        C        D        E       F      G
               +--------+--------+--------+--------+--------+-----+--------+
         Total |    115 |    115 |      0 |      0 |     85 |   1 |  115.0 |
       Dungeon |    115 |    115 |      0 |      0 |     85 |   1 |  115.0 |
               +--------+--------+--------+--------+--------+-----+--------+

Top non-repeatable levels by time:
     D:1: 115 daAuts
